 Dungeon Crawl Stone Soup version 0.17.2-1-ge4368a0 (webtiles) character file.

12663 Goblin1989 the Martial Artist (level 11, 0/85 HPs)
             Began as a Demonspawn Monk on Nov 12, 2016.
             Was an Initiate of Gozag.
             Slain by a frost giant
             ... wielding a +0 battleaxe of freezing
              (4 damage)
             ... in an ice cave.
             The game lasted 00:42:56 (8534 turns).

Goblin1989 the Martial Artist (Demonspawn Monk)     Turns: 8534, Time: 00:42:58

Health: 0/85       AC: 17    Str: 14    XL:     11   Next: 65%
Magic:  0/11       EV: 14    Int: 11    God:    Gozag
Gold:   1741       SH:  8    Dex: 17    Spells: 3 memorised, 3 levels left

rFire  + . .     SeeInvis .       - Unarmed
rCold  + . .     Clarity  .     B - +2 scale mail {rPois}
rNeg   . . .     SustAt   +     n - +0 buckler
rPois  +         Gourm    .     c - +0 helmet
rElec  +         Spirit   +     s - +1 cloak
rCorr  +         Warding  .     (no gloves)
rMut   .         Stasis   .     f - +0 pair of boots
MR     .....                    r - amulet of regeneration
Stlth  +.........               j - ring of sustain attributes
                                o - ring of poison resistance

@: resistant, very slightly contaminated, hasted, very quick, not resistant to
hostile enchantments, very unstealthy
A: large bone plates 2, powered by death 1, magic shield, magic regeneration
a: Potion Petition, Call Merchant, Bribe Branch, Renounce Religion


You were in an ice cave.
You worshipped Gozag.
Gozag was noncommittal.
You were very hungry.

You visited 3 branches of the dungeon, and saw 12 of its levels.
You also visited: Ice Cave.

You collected 2416 gold pieces.
You paid 675 gold pieces to Gozag.

Inventory:

Armour
 c - a +0 helmet (worn)
 f - a +0 pair of boots (worn)
 n - a +0 buckler (worn)
 s - a +1 cloak (worn)
 B - a +2 scale mail of poison resistance (worn)
Magical Staves
 k - an uncursed staff of power {unknown}
Jewellery
 j - a ring of sustain attributes (right hand)
 o - a ring of poison resistance (left hand)
 r - an amulet of regeneration (around neck)
 D - the ring "Jukhlide" {Ice *Corrode Str+7 Stlth+}
   (You found it on level 8 of the Dungeon)

   [ring of ice]

   It enhances your ice magic, and weakens your fire magic.
   It affects your strength (+7).
   It makes you vulnerable to fire.
   It protects you from cold.
   It may corrode your equipment when you take damage.
   It makes you more stealthy.
Wands
 a - a wand of digging (0)
 t - a wand of disintegration (10)
 A - a wand of polymorph (14)
 C - a wand of random effects (10)
Scrolls
 g - 2 scrolls of amnesia
 h - 4 scrolls of teleportation {unknown}
 p - 6 scrolls of recharging
 q - 5 scrolls of remove curse {@r2}
 u - 4 scrolls of enchant weapon {unknown}
 x - a scroll of fog
 y - a scroll of magic mapping {unknown}
 R - 2 scrolls of identify {@r1}
Potions
 d - a potion of beneficial mutation
 e - 3 potions of flight
 m - a potion of mutation {!q}
 v - a potion of cure mutation
 z - 9 potions of curing {@q1}
Comestibles
 b - 8 bread rations {@e1}
 i - 5 meat rations {@e2}
 E - 6 slices of pizza


   Skills:
 + Level 7.7 Fighting
 + Level 6.8 Armour
 + Level 7.6 Dodging
 - Level 1.7 Stealth
 - Level 4.0 Shields
 * Level 12.2 Unarmed Combat


You had 3 spell levels left.
You knew the following spells:

 Your Spells              Type           Power        Failure   Level  Hunger
g - Passage of Golubria   Tloc           N/A          100%        4    #####..
h - Shroud of Golubria    Chrm/Tloc      #.........   99%         2    ###....
o - Apportation           Tloc           #.........   95%         1    ##.....


Dungeon Overview and Level Annotations

Branches:
Dungeon (10/15)            Temple (1/1) D:4            Lair (1/8) D:9
    Orc: D:9-12

Altars:
Ashenzari
Cheibriados
Fedhas
Gozag
Kikubaaqudgha
Makhleb
Nemelex Xobeh
Okawaru
Qazlal
Ru
Sif Muna
Vehumet
Xom
Yredelemnul
Zin
The Shining One

Shops:
D:8 (

Annotations:
D:5 Edmund
D:7 exclusion: oklob plant
D:8 Gastronok
D:9 ololoev's ghost, novice DsFi
D:10 Maud


Innate Abilities, Weirdness & Mutations

You are mostly covered in large bone plates (AC +3, SH +3).
You regenerate a little health from kills.
When hurt, damage is shared between your health and your magic reserves.
You regenerate magic rapidly.


Message History

The frost giant is severely wounded.
The frost giant hits you with a battleaxe of freezing!!
* * * LOW HITPOINT WARNING * * *
The frost giant freezes you.
* * * LOW HITPOINT WARNING * * *
The polar bear is distracted by the nearby gold.
The polar bear growls angrily.
You take 18 damage, and have 23/85 hp.
MASSIVE DAMAGE!!
You now have 3/11 mp.
You hit the frost giant but do no damage.
The frost giant is severely wounded.
Unknown command.
You hit the frost giant.
The frost giant is severely wounded.
The polar bear is no longer distracted by gold.
The yak is no longer distracted by gold.
The frost giant hits you with a battleaxe of freezing!!
* * * LOW HITPOINT WARNING * * *
The frost giant freezes you.
You die...
Your body crumbles into a pile of gold. ██████████ $ ███████...██@Ch█ $█..█...██...██hYh█ ████ █..████████ YhY.█ ≈≈.█████..█ hh..

≈█≈..██..██
...
≈≈██...███
.█ ≈≈≈█████
█ ≈≈█≈≈█
≈≈≈≈≈≈≈


You could see a frost giant, 6 polar bears and 3 yaks.

Vanquished Creatures
  A death yak (IceCv)
  Joseph (D:7)
  10 polar bears (IceCv)
  12 yaks (IceCv)
  A spriggan (D:9)
  A deep elf mage (D:9)
  A basilisk (D:9)
  A hungry ghost (D:7)
  2 hippogriffs
  A steam dragon (D:9)
  13 wolves (IceCv)
  4 porcupines (D:9)
  12 ice beasts
  A phantom (D:7)
  Duvessa (D:5)
  2 black bears
  3 sky beasts
  An eye of draining (D:9)
  An orc warrior (D:6)
  7 ogres
  A crocodile (D:9)
  3 centaurs
  Blork the orc (D:5)
  Dowan (D:5)
  5 scorpions
  4 wights (D:8)
  2 quasits
  A giant frog zombie (D:9)
  A centaur zombie (D:6)
  3 crimson imps
  3 orc priests
  A gnoll shaman (D:7)
  8 hounds
  8 jellies
  An iguana (D:8)
  5 orc wizards
  7 worker ants
  A giant frog skeleton (D:8)
  A killer bee zombie (D:7)
  11 sheep (D:9)
  A hound skeleton (D:7)
  A worker ant zombie (D:5)
  10 adders
  13 gnolls
  4 river rats (D:9)
  19 oozes
  2 adder zombies
  2 adder skeletons
  4 worms
  A giant gecko (D:8)
  22 orcs
  11 bats
  9 hobgoblins
  8 jackals
  2 quokkas
  A ball python (D:6)
  2 giant cockroaches
  2 giant gecko zombies
  9 giant newts
  6 goblins
  11 kobolds
  A quokka skeleton (D:4)
  12 rats
297 creatures vanquished.

Vanquished Creatures (others)
  A polar bear (IceCv)
  A crimson imp (D:5)
  An adder (D:5)
  2 bushes (D:9)
  5 fungi
  3 plants (D:9)
13 creatures vanquished.

Grand Total: 310 creatures vanquished

Notes
Turn   | Place    | Note
--------------------------------------------------------------
     0 | D:1      | Goblin1989 the Demonspawn Monk began the quest for the Orb.
     0 | D:1      | Reached XP level 1. HP: 18/18 MP: 1/1
     2 | D:1      | Noticed a ghoul
     2 | D:1      | Noticed a minotaur
     4 | D:1      | Noticed a merfolk
     4 | D:1      | Noticed a spriggan
     6 | D:1      | Noticed a formicid
     6 | D:1      | Noticed a demigod
     8 | D:1      | Noticed a troll
     8 | D:1      | Noticed a human
    10 | D:1      | Noticed an elf
    12 | D:1      | Noticed an octopode
    12 | D:1      | Noticed a naga
    14 | D:1      | Noticed a dwarf
    14 | D:1      | Noticed a felid
    16 | D:1      | Noticed a tengu
    16 | D:1      | Noticed an ogre
    18 | D:1      | Noticed a demonspawn
    18 | D:1      | Noticed a vine stalker
    20 | D:1      | Noticed a vampire
    20 | D:1      | Noticed a draconian
    22 | D:1      | Noticed a gargoyle
    26 | D:1      | Noticed a centaur
   138 | D:1      | Reached skill level 4 in Unarmed Combat
   204 | D:1      | Gained mutation: You are partially covered in large bone plates (AC +2, SH +2). [demonic ancestry]
   204 | D:1      | Reached XP level 2. HP: 8/24 MP: 2/2
   754 | D:1      | Gained mutation: When hurt, damage is shared between your health and your magic reserves. [demonic ancestry]
   754 | D:1      | Reached XP level 3. HP: 29/29 MP: 3/3
  1396 | D:2      | Reached skill level 5 in Unarmed Combat
  1540 | D:2      | Reached XP level 4. HP: 27/35 MP: 2/4
  2093 | D:3      | Reached skill level 1 in Shields
  2166 | D:3      | Noticed an ogre
  2407 | D:3      | Reached XP level 5. HP: 35/41 MP: 5/5
  2543 | D:4      | Noticed an ogre
  2544 | D:4      | Gained mutation: You expend magic power (3 MP) to strengthen your wands. [potion of mutation]
  2544 | D:4      | Gained mutation: Your magical capacity is low (-10% MP). [potion of mutation]
  2544 | D:4      | Gained mutation: You can spit weak poison. [potion of mutation]
  2547 | D:4      | Lost mutation: You can spit weak poison. [potion of cure mutation]
  2547 | D:4      | Lost mutation: Your magical capacity is low (-10% MP). [potion of cure mutation]
  2547 | D:4      | Lost mutation: You expend magic power (3 MP) to strengthen your wands. [potion of cure mutation]
  2565 | D:4      | Killed an ogre
  2565 | D:4      | Reached skill level 6 in Unarmed Combat
  2585 | D:4      | Noticed an ogre
  2595 | D:4      | Killed an ogre
  2595 | D:4      | Gained mutation: You regenerate a little health from kills. [demonic ancestry]
  2595 | D:4      | Reached XP level 6. HP: 47/47 MP: 6/6
  2743 | D:4      | Noticed an ogre
  2759 | D:4      | Killed an ogre
  2952 | D:4      | Found a staircase to the Ecumenical Temple.
  2959 | Temple   | Entered the Ecumenical Temple
  3004 | Temple   | Became a worshipper of Gozag Ym Sagoz the Greedy
  3068 | D:4      | Reached skill level 7 in Unarmed Combat
  3068 | D:4      | Reached XP level 7. HP: 46/52 MP: 5/7
  3069 | D:4      | jacquesderrida: Gremlen
  3105 | D:4      | Goblin1989: а че всего 5 рун?
  3272 | D:5      | Entered Level 5 of the Dungeon
  3273 | D:5      | jacquesderrida: GDE
  3278 | D:5      | jacquesderrida: !lm
  3278 | D:5      | beem: 10607. [2016-11-12 14:38:06] jacquesderrida the Black Belt (L23 VSWn of Okawaru) entered the Depths on turn 22280. (D:15)
  3278 | D:5      | jacquesderrida: ya zaebalsya
  3278 | D:5      | Noticed Duvessa
  3279 | D:5      | Noticed Dowan
  3279 | D:5      | jacquesderrida: potom mozhet konchu
  3384 | D:5      | Noticed Blork the orc
  3420 | D:5      | Killed Blork the orc
  3453 | D:5      | Killed Duvessa
  3482 | D:5      | Killed Dowan
  3766 | D:5      | Reached skill level 8 in Unarmed Combat
  3766 | D:5      | Reached XP level 8. HP: 30/58 MP: 5/8
  3894 | D:5      | Noticed Edmund
  3970 | D:6      | Found a radiant altar of Vehumet.
  4047 | D:6      | Reached skill level 1 in Armour
  4723 | D:7      | Found a sacrificial altar of Ru.
  4771 | D:7      | Reached skill level 9 in Unarmed Combat
  4893 | D:7      | Found a glowing silver altar of Zin.
  4946 | D:7      | Found a stormy altar of Qazlal.
  4992 | D:7      | Noticed an oklob plant
  5005 | D:7      | Reached XP level 9. HP: 66/66 MP: 9/9
  5175 | D:7      | Noticed Joseph
  5194 | D:7      | Killed Joseph
  5244 | D:7      | Reached skill level 5 in Fighting
  5872 | D:7      | Reached skill level 5 in Dodging
  5872 | D:7      | Reached skill level 10 in Unarmed Combat
  5905 | D:7      | Found a sparkling altar of Nemelex Xobeh.
  6008 | D:8      | Found a shattered altar of Ashenzari.
  6182 | D:8      | Found Vyjaoruh's Weapon Emporium.
  6243 | D:8      | Gained mutation: You are mostly covered in large bone plates (AC +3, SH +3). [demonic ancestry]
  6243 | D:8      | Reached XP level 10. HP: 76/76 MP: 10/10
  6465 | D:8      | Got a vibrating turquoise ring
  6466 | D:8      | Identified the ring "Jukhlide" {Ice *Corrode Str+7 Stlth+} (You found it on level 8 of the Dungeon)
  6514 | D:8      | Noticed Gastronok
  6756 | D:9      | Found a staircase to the Lair.
  6943 | D:9      | Noticed ololoev's ghost (novice DsFi)
  7161 | D:8      | Found a burning altar of Makhleb.
  7297 | D:9      | Learned a level 1 spell: Apportation
  7300 | D:9      | Learned a level 2 spell: Shroud of Golubria
  7305 | D:9      | Learned a level 4 spell: Passage of Golubria
  7340 | D:9      | Reached skill level 5 in Armour
  7511 | D:9      | Reached skill level 11 in Unarmed Combat
  7788 | D:10     | Entered Level 10 of the Dungeon
  7788 | D:10     | Noticed Maud
  7801 | Lair:1   | Entered Level 1 of the Lair of Beasts
  7808 | Lair:1   | Found a frozen archway.
  7904 | IceCv    | Entered an ice cave
  7980 | IceCv    | Gained mutation: You regenerate magic rapidly. [demonic ancestry]
  7980 | IceCv    | Reached XP level 11. HP: 66/83 MP: 8/11
  8250 | IceCv    | Noticed a death yak
  8279 | IceCv    | Killed a death yak
  8355 | IceCv    | Reached skill level 12 in Unarmed Combat
  8485 | IceCv    | Noticed a frost giant
  8534 | IceCv    | HP: 4/85 [frost giant/battleaxe of freezing (20)]
  8534 | IceCv    | Slain by a frost giant

Action                   |  1- 3 |  4- 6 |  7- 9 | 10-12 || total
-------------------------+-------+-------+-------+-------++-------
Melee: Unarmed           |   183 |   256 |   696 |   643 ||  1778
Invok: Potion Petition   |       |       |     1 |     1 ||     2
 Abil: Spit Poison       |       |     1 |       |       ||     1
Evoke: Wand              |       |     1 |     2 |     9 ||    12
  Use: Potion            |       |     6 |     1 |     1 ||     8
       Scroll            |       |       |     5 |     6 ||    11
 Stab: Sleeping          |     2 |     1 |       |       ||     3
       Invisible         |       |     6 |     9 |       ||    15
       Distracted        |       |       |     3 |     8 ||    11
  Eat: Chunk             |     1 |     7 |       |       ||     8
       Royal jelly       |       |       |     1 |       ||     1
       Fruit             |       |       |    13 |       ||    13
       Bread ration      |       |       |     1 |     1 ||     2
       Pizza             |       |       |       |     2 ||     2

Vault maps used:
D:1:      kb_arrival_jail, minmay_misc_feat_rows, nrook_loot_triangle,
          grunt_decor_arrowhead
D:2:      st_stairs_1
D:3:      first_bread, uniq_crazy_yiuf_cottage
D:4:      minmay_temple_entry_trees
D:5:      uniq_edmund, uniq_duvessa, uniq_blork_the_orc
D:6:      vehumet_crystals
D:7:      lemuel_slime, lemuel_crystal_altar, lemuel_doored_altar,
          overflow_temple_1_default, nemelex_deck, patterned_corridor,
          uniq_joseph
D:8:      hangedman_cross_stitches, overflow_temple_1_default,
          marbit_many_paths, serial_shops, nicolae_shop_window_shopping,
          uniq_gastronok
D:9:      minmay_lair_entry_grove, grunt_pizzeria, lightli_corner_chamber
D:10:     minivault_29, uniq_maud
Temple:   jpeg_temple_clearing_12
Lair:1:   nicolae_volcano_entry_two_sided, portal_ice_cave_entry_ice_beasts
IceCv:    ice_cave_caverns_03
